Golden Knights vs RedWings

Created - 15 mars 2021 at 21:13

Goals
1 2 3 T
Golden Knights 0 0 1 1
RedWings 0 0 2 2
Shots
1 2 3 T
Golden Knights 12 10 9 31
RedWings 4 14 10 28

1st period

No Goal

Penalties :
Drew Doughty (DET) for Slashing (Minor) at 2:01, Drew Doughty (DET) for Interference (Minor) at 15:37

2nd period

No Goal

Penalties :
Jordan Szwarz (DET) for Slashing (Minor) at 6:51, Deryk Engelland (VGK) for Hooking (Minor) at 11:37

3rd period

1. Golden Knights , Anthony Beauvillier 14 (Miro Heiskanen 40, Tyson Barrie 26) at 0:26
2. RedWings , Brayden Schenn 18 (John Carlson 37, Drew Doughty 41) at 0:36
3. RedWings , David Perron 17 (Erik Haula 22, Patric Hornqvist 18) at 14:13

Penalties :
Claude Giroux (VGK) for Slashing (Minor) at 1:27, Brayden Schenn (DET) for Tripping (Minor) at 19:14

Goalie Stats

Semyon Varlamov (VGK), 26 saves from 28 shots - (0,929), L, 13-18-3, 59:31 minutes
John Gibson (DET), 30 saves from 31 shots - (0,968), W, 33-21-11, 60:00 minutes

Players Stats for Golden Knights

Player Name              G  A  P  +/- PIM S  H  SB GA TA FO     MP     PP MP  PK MP  
------------------------------------------------------------------------------------
Alex Steen               0  0  0   0  0   0  0  0  0  0  0/1     7:19   0:40   1:21 
Anthony Beauvillier      1  0  1   1  0   2  0  0  0  0  0/0    15:45   0:00   0:00 
Artemi Panarin           0  0  0  -2  0   7  0  0  0  0  1/3    22:00   3:35   0:00 
Calle Jarnkrok           0  0  0   0  0   1  0  0  0  0  0/1     9:57   0:00   0:00 
Claude Giroux            0  0  0  -2  2   3  2  0  0  0  14/29  21:59   3:35   0:00 
Deryk Engelland          0  0  0   0  2   0  0  0  0  0  0/0    13:41   0:40   0:00 
Jake Guentzel            0  0  0  -2  0   5  4  0  0  0  0/2    22:00   3:35   0:00 
Marcus Foligno           0  0  0   0  0   0  1  0  0  0  0/1     7:50   0:00   2:37 
Mathew Dumba             0  0  0   0  0   1  2  3  0  0  0/0    17:44   0:00   2:06 
Miro Heiskanen           0  1  1   0  0   1  1  2  0  0  0/0    21:02   2:51   1:52 
Nick Suzuki              0  0  0   1  0   1  0  0  0  0  0/2    18:55   3:07   0:03 
Nico Hischier            0  0  0   0  0   1  2  0  0  0  8/10   14:22   3:07   1:18 
Riley Sheahan            0  0  0   0  0   1  0  1  0  0  7/13    7:50   0:00   2:37 
Tomas Hertl              0  0  0   1  0   0  1  0  0  0  16/22  18:52   3:07   0:00 
Torey Krug               0  0  0  -1  0   1  2  1  0  0  0/0    22:12   3:11   0:00 
Tyson Barrie             0  1  1   0  0   2  1  2  0  0  0/0    20:42   2:56   1:52 
Viktor Arvidsson         0  0  0   0  0   2  0  0  0  0  0/1     9:57   0:00   0:00 
Zach Werenski            0  0  0  -1  0   3  1  3  0  0  0/0    23:53   3:06   2:06 

Players Stats for RedWings

Player Name              G  A  P  +/- PIM S  H  SB GA TA FO     MP     PP MP  PK MP  
------------------------------------------------------------------------------------
Andrew Cogliano          0  0  0   0  0   2  0  0  0  0  1/1    14:56   0:00   4:12 
Brayden Schenn           1  0  1   1  2   4  2  0  0  0  1/1    22:01   2:37   0:25 
Brett Howden             0  0  0   0  0   1  0  0  0  0  0/0     7:40   0:00   2:05 
Connor Murphy            0  0  0  -1  0   0  6  1  0  0  0/0    16:43   0:00   1:31 
David Pastrnak           0  0  0   1  0   3  0  0  0  0  0/1    21:37   2:37   0:00 
David Perron             1  0  1   0  0   6  1  0  0  0  0/4    15:22   1:21   0:00 
Drew Doughty             0  1  1   1  4   2  5  0  0  0  0/0    23:11   2:54   1:33 
Erik Haula               0  1  1   0  0   1  1  0  0  0  10/21  15:47   1:21   0:25 
Erik Karlsson            0  0  0   1  0   0  1  1  0  0  0/0    19:46   1:04   3:20 
Frans Nielsen            0  0  0   0  0   0  0  0  0  0  3/11    7:40   0:00   2:05 
Jake Gardiner            0  0  0   0  0   0  2  0  0  0  0/0    20:34   1:04   3:00 
John Carlson             0  1  1   1  0   1  0  4  0  0  0/0    25:26   2:54   3:46 
Jordan Szwarz            0  0  0   0  2   1  1  0  0  0  0/0     5:34   0:00   0:00 
Kyle Brodziak            0  0  0   0  0   0  2  0  0  0  9/21   14:56   0:00   4:12 
Mark Scheifele           0  0  0   1  0   2  0  0  0  0  14/24  21:37   2:37   0:00 
Nick Jensen              0  0  0   0  0   0  1  0  0  0  0/0    14:18   0:00   0:14 
Patric Hornqvist         0  1  1   0  0   4  0  0  0  0  0/0    15:22   1:21   0:00 
Ryan Hartman             0  0  0   0  0   1  1  0  0  0  1/1    10:44   0:00   0:00 

3 Stars

1 - John Gibson (DET)
2 - David Perron (DET)
3 - Brayden Schenn (DET)

Power Play

Golden Knights - 0 on 4 Attempt(s) - 0,00%
RedWings - 0 on 2 Attempt(s) - 0,00%

Penalty Kill

Golden Knights - 2 on 2 Attempt(s) - 100,00% - Score 0 goal in Penalty Kill
RedWings - 4 on 4 Attempt(s) - 100,00% - Score 0 goal in Penalty Kill

Team Stat

Golden Knights - Hits : 17 - Faceoff Wins : 46 - Blocked Shots : 12 - Penalty Minutes : 4
RedWings - Hits : 23 - Faceoff Wins : 39 - Blocked Shots : 6 - Penalty Minutes : 8

Official

Referees : TJ Luxmore and Steve Kozari
Linesman : Ken Bonham and Kyle Flemington

Game Notes

Zach Werenski is injured at 16:08 of 3rd period (Bruised Left Leg)

Finance

Level 1 -- Attendance: 5636 (86,71%) -- Ticket Income 631 232 $
Level 2 -- Attendance: 4560 (91,20%) -- Ticket Income 373 920 $
Level 3 -- Attendance: 3190 (91,14%) -- Ticket Income 223 300 $
Level 4 -- Attendance: 2745 (68,16%) -- Ticket Income 109 800 $
Luxury Box -- Attendance: 882 (88,20%) -- Ticket Income 198 450 $
Game was played at the Joe Louis Arena.
Total Attendance: 17013 (84,95%)
Total Ticket Income: 1 536 702 $
Other Income: 752 984 $
Total Income: 2 289 686 $

% Time on Ice - Golden Knights

Lines # - Real PCT - Wanted PCT - Time Play
Normal Forward
1 - 37% - 40% - 18:20
2 - 32% - 30% - 15:45
3 - 20% - 20% - 9:57
4 - 11% - 10% - 5:13
Normal Defense
1 - 39% - 40% - 19:01
2 - 30% - 30% - 14:36
3 - 26% - 20% - 12:57
4 - 5% - 10% - 2:41
PP Forward
1 - 53% - 60% - 3:35
2 - 47% - 40% - 3:07
PP Defense
1 - 57% - 60% - 3:51
2 - 43% - 40% - 2:51
PK Forward
1 - 67% - 60% - 2:40
2 - 33% - 40% - 1:18
PK Defense
1 - 53% - 60% - 2:06
2 - 47% - 40% - 1:52
PK3 Forward
1 - 0% - 60%
2 - 0% - 40%
PK3 Defense
1 - 0% - 60%
2 - 0% - 40%
44 Forward
1 - 0% - 60%
2 - 0% - 40%
44 Defense
1 - 0% - 60%
2 - 0% - 40%
Last Minute Offensive  - 0:05
Last Minute Defensive  - 0:00
Total
Forward - 60:00
Defense - 60:00

% Time on Ice - RedWings

Lines # - Real PCT - Wanted PCT - Time Play
Normal Forward
1 - 39% - 40% - 19:00
2 - 28% - 30% - 14:01
3 - 22% - 20% - 10:44
4 - 11% - 10% - 5:35
Normal Defense
1 - 38% - 40% - 18:46
2 - 30% - 30% - 14:36
3 - 29% - 20% - 14:04
4 - 4% - 10% - 1:54
PP Forward
1 - 66% - 60% - 2:37
2 - 34% - 40% - 1:21
PP Defense
1 - 73% - 60% - 2:54
2 - 27% - 40% - 1:04
PK Forward
1 - 69% - 60% - 4:37
2 - 31% - 40% - 2:05
PK Defense
1 - 75% - 60% - 5:01
2 - 25% - 40% - 1:41
PK3 Forward
1 - 0% - 60%
2 - 0% - 40%
PK3 Defense
1 - 0% - 60%
2 - 0% - 40%
44 Forward
1 - 0% - 60%
2 - 0% - 40%
44 Defense
1 - 0% - 60%
2 - 0% - 40%
Last Minute Offensive  - 0:00
Last Minute Defensive  - 0:00
Total
Forward - 60:00
Defense - 60:00

Play-by-Play

1st period


0:01 of 1st period - Mark Scheifele wins face-off versus Claude Giroux in neutral zone.
0:10 of 1st period - Shot by Mark Scheifele.
0:10 of 1st period - Stopped by Semyon Varlamov without a rebound.
0:11 of 1st period - Erik Haula wins face-off versus Tomas Hertl in Golden Knights zone.
0:18 of 1st period - Shot by Patric Hornqvist.
0:18 of 1st period - Shot Misses the Net.
1:23 of 1st period - Artemi Panarin is hit by Drew Doughty and loses puck.
1:28 of 1st period - Shot by Jake Guentzel.
1:28 of 1st period - Shot Misses the Net.
1:42 of 1st period - Shot by Brayden Schenn.
1:42 of 1st period - Stopped by Semyon Varlamov with a rebound.
2:00 of 1st period - Calle Jarnkrok is hit by Drew Doughty and loses puck.
2:01 of 1st period - Minor Penalty to Drew Doughty for Slashing.
2:02 of 1st period - Tomas Hertl wins face-off versus Kyle Brodziak in RedWings zone.
2:02 of 1st period - Tyson Barrie is hit by Connor Murphy and loses puck.
2:21 of 1st period - Shot by Nico Hischier.
2:21 of 1st period - Shot Misses the Net.
2:23 of 1st period - Shot by Miro Heiskanen.
2:23 of 1st period - Stopped by John Gibson without a rebound.
2:24 of 1st period - Claude Giroux wins face-off versus Frans Nielsen in RedWings zone.
2:27 of 1st period - Shot by Artemi Panarin.
2:27 of 1st period - Deflect By Jake Guentzel.
2:27 of 1st period - Stopped by John Gibson without a rebound.
2:28 of 1st period - Kyle Brodziak wins face-off versus Claude Giroux in RedWings zone.
3:46 of 1st period - Shot by Tyson Barrie.
3:46 of 1st period - Stopped by John Gibson without a rebound.
3:47 of 1st period - Claude Giroux wins face-off versus Frans Nielsen in RedWings zone.
3:58 of 1st period - Shot by Artemi Panarin.
3:58 of 1st period - Shot Misses the Net.
4:02 of 1st period - Shot by Artemi Panarin.
4:02 of 1st period - Stopped by John Gibson with a rebound.
4:56 of 1st period - Shot by Nico Hischier.
4:56 of 1st period - Shot Misses the Net.
4:58 of 1st period - Shot by Viktor Arvidsson.
4:58 of 1st period - Shot Misses the Net.
5:18 of 1st period - Off-side.
5:19 of 1st period - Kyle Brodziak wins face-off versus Claude Giroux in neutral zone.
5:37 of 1st period - Shot by Kyle Brodziak.
5:37 of 1st period - Shot Misses the Net.
5:39 of 1st period - Shot by Andrew Cogliano.
5:39 of 1st period - Stopped by Semyon Varlamov without a rebound.
5:40 of 1st period - Erik Haula wins face-off versus Tomas Hertl in Golden Knights zone.
5:40 of 1st period - Erik Haula is hit by Mathew Dumba.
5:49 of 1st period - Icing by Jake Gardiner.
5:50 of 1st period - Claude Giroux wins face-off versus Erik Haula in RedWings zone.
6:09 of 1st period - Shot by Patric Hornqvist.
6:09 of 1st period - Shot Misses the Net.
6:21 of 1st period - Shot by Patric Hornqvist.
6:21 of 1st period - Deflect By David Perron.
6:21 of 1st period - Stopped by Semyon Varlamov without a rebound.
6:22 of 1st period - Tomas Hertl wins face-off versus Kyle Brodziak in Golden Knights zone.
6:22 of 1st period - Tomas Hertl is hit by Kyle Brodziak.
6:25 of 1st period - Anthony Beauvillier is hit by Kyle Brodziak and loses puck.
6:54 of 1st period - Shot by John Carlson.
6:54 of 1st period - Shot Blocked by Tyson Barrie.
7:34 of 1st period - Shot by Nico Hischier.
7:34 of 1st period - Deflect By Viktor Arvidsson.
7:34 of 1st period - Stopped by John Gibson without a rebound.
7:35 of 1st period - Claude Giroux wins face-off versus Mark Scheifele in RedWings zone.
7:56 of 1st period - Jake Gardiner is hit by Claude Giroux.
9:06 of 1st period - Shot by Viktor Arvidsson.
9:06 of 1st period - Stopped by John Gibson without a rebound.
9:07 of 1st period - Tomas Hertl wins face-off versus David Perron in RedWings zone.
9:28 of 1st period - Icing by Drew Doughty.
9:29 of 1st period - Riley Sheahan wins face-off versus David Perron in RedWings zone.
9:38 of 1st period - Shot by Mathew Dumba.
9:38 of 1st period - Stopped by John Gibson without a rebound.
9:39 of 1st period - Claude Giroux wins face-off versus Mark Scheifele in RedWings zone.
9:39 of 1st period - Claude Giroux is hit by Jake Gardiner.
11:06 of 1st period - Shot by David Perron.
11:06 of 1st period - Shot Blocked by Zach Werenski.
11:08 of 1st period - Shot by Erik Haula.
11:08 of 1st period - Shot Misses the Net.
11:19 of 1st period - Off-side.
11:20 of 1st period - Ryan Hartman wins face-off versus Nico Hischier in neutral zone.
12:18 of 1st period - Torey Krug is hit by Jake Gardiner and loses puck.
12:38 of 1st period - Icing by Torey Krug.
12:39 of 1st period - Riley Sheahan wins face-off versus David Perron in Golden Knights zone.
13:41 of 1st period - Jake Gardiner is hit by Tomas Hertl and loses puck.
14:18 of 1st period - Shot by Jake Guentzel.
14:18 of 1st period - Stopped by John Gibson without a rebound.
14:19 of 1st period - Nico Hischier wins face-off versus Frans Nielsen in RedWings zone.
14:40 of 1st period - Nick Jensen is hit by Zach Werenski and loses puck.
14:55 of 1st period - Icing by Zach Werenski.
14:56 of 1st period - Nico Hischier wins face-off versus Erik Haula in Golden Knights zone.
14:56 of 1st period - Nico Hischier is hit by David Perron.
15:30 of 1st period - Shot by Artemi Panarin.
15:30 of 1st period - Stopped by John Gibson with a rebound.
15:37 of 1st period - Minor Penalty to Drew Doughty for Interference.
15:38 of 1st period - Tomas Hertl wins face-off versus Kyle Brodziak in RedWings zone.
15:57 of 1st period - Shot by Tyson Barrie.
15:57 of 1st period - Stopped by John Gibson without a rebound.
15:58 of 1st period - Claude Giroux wins face-off versus Kyle Brodziak in RedWings zone.
16:01 of 1st period - Shot by Torey Krug.
16:01 of 1st period - Shot Misses the Net.
16:03 of 1st period - Shot by Torey Krug.
16:03 of 1st period - Shot Blocked by John Carlson.
16:05 of 1st period - Shot by Zach Werenski.
16:05 of 1st period - Shot Misses the Net.
16:29 of 1st period - Shot by Zach Werenski.
16:29 of 1st period - Shot Misses the Net.
17:18 of 1st period - Shot by Miro Heiskanen.
17:18 of 1st period - Shot Blocked by Connor Murphy.
17:20 of 1st period - Shot by Nick Suzuki.
17:20 of 1st period - Stopped by John Gibson without a rebound.
17:21 of 1st period - Kyle Brodziak wins face-off versus Claude Giroux in RedWings zone.
17:31 of 1st period - Shot by Torey Krug.
17:31 of 1st period - Shot Misses the Net.
17:33 of 1st period - Shot by Claude Giroux.
17:33 of 1st period - Shot Blocked by John Carlson.
17:35 of 1st period - Shot by Zach Werenski.
17:35 of 1st period - Stopped by John Gibson with a rebound.
17:42 of 1st period - Riley Sheahan is hit by Connor Murphy and loses puck.
18:08 of 1st period - Alex Steen is hit by Connor Murphy and loses puck.
18:39 of 1st period - Shot by Anthony Beauvillier.
18:39 of 1st period - Shot Misses the Net.
18:41 of 1st period - Shot by Miro Heiskanen.
18:41 of 1st period - Shot Misses the Net.
19:14 of 1st period - Icing by Torey Krug.
19:15 of 1st period - Kyle Brodziak wins face-off versus Artemi Panarin in Golden Knights zone.
Goals for this period are 0 for Golden Knights vs 0 for RedWings.
Shots for this period are 12 for Golden Knights vs 4 for RedWings.

2nd period


0:01 of 2nd period - Erik Haula wins face-off versus Claude Giroux in neutral zone.
0:21 of 2nd period - Shot by Patric Hornqvist.
0:21 of 2nd period - Shot Misses the Net.
0:25 of 2nd period - Shot by David Perron.
0:25 of 2nd period - Shot Blocked by Torey Krug.
0:27 of 2nd period - Shot by Erik Haula.
0:27 of 2nd period - Shot Misses the Net.
0:29 of 2nd period - Shot by David Perron.
0:29 of 2nd period - Shot Misses the Net.
0:31 of 2nd period - Shot by David Perron.
0:31 of 2nd period - Stopped by Semyon Varlamov without a rebound.
0:32 of 2nd period - Tomas Hertl wins face-off versus Mark Scheifele in Golden Knights zone.
0:44 of 2nd period - Off-side.
0:45 of 2nd period - Nico Hischier wins face-off versus Kyle Brodziak in neutral zone.
0:50 of 2nd period - Shot by Nico Hischier.
0:50 of 2nd period - Shot Blocked by John Carlson.
1:01 of 2nd period - Ryan Hartman is hit by Mathew Dumba and loses puck.
1:44 of 2nd period - Shot by David Pastrnak.
1:44 of 2nd period - Deflect By Brayden Schenn.
1:44 of 2nd period - Shot Blocked by Zach Werenski.
2:10 of 2nd period - Shot by Artemi Panarin.
2:10 of 2nd period - Stopped by John Gibson without a rebound.
2:11 of 2nd period - Erik Haula wins face-off versus Tomas Hertl in RedWings zone.
2:20 of 2nd period - Shot by David Perron.
2:20 of 2nd period - Stopped by Semyon Varlamov without a rebound.
2:21 of 2nd period - Riley Sheahan wins face-off versus Frans Nielsen in Golden Knights zone.
3:11 of 2nd period - Icing by Riley Sheahan.
3:12 of 2nd period - Mark Scheifele wins face-off versus Riley Sheahan in Golden Knights zone.
3:35 of 2nd period - Shot by Tomas Hertl.
3:35 of 2nd period - Deflect By Nick Suzuki.
3:35 of 2nd period - Shot Misses the Net.
3:37 of 2nd period - Shot by Zach Werenski.
3:37 of 2nd period - Shot Blocked by Erik Karlsson.
3:39 of 2nd period - Shot by Zach Werenski.
3:39 of 2nd period - Stopped by John Gibson without a rebound.
3:40 of 2nd period - Claude Giroux wins face-off versus Erik Haula in RedWings zone.
4:00 of 2nd period - David Perron is hit by Jake Guentzel and loses puck.
4:47 of 2nd period - Shot by Brayden Schenn.
4:47 of 2nd period - Stopped by Semyon Varlamov without a rebound.
4:48 of 2nd period - Nico Hischier wins face-off versus Kyle Brodziak in Golden Knights zone.
6:21 of 2nd period - Shot by Anthony Beauvillier.
6:21 of 2nd period - Stopped by John Gibson without a rebound.
6:22 of 2nd period - Erik Haula wins face-off versus Artemi Panarin in RedWings zone.
6:49 of 2nd period - Shot by David Perron.
6:49 of 2nd period - Stopped by Semyon Varlamov without a rebound.
6:50 of 2nd period - Riley Sheahan wins face-off versus Frans Nielsen in Golden Knights zone.
6:50 of 2nd period - Alex Steen is hit by Jordan Szwarz.
6:51 of 2nd period - Minor Penalty to Jordan Szwarz for Slashing.
6:52 of 2nd period - Andrew Cogliano wins face-off versus Nick Suzuki in RedWings zone.
6:52 of 2nd period - Andrew Cogliano is hit by Nico Hischier.
7:14 of 2nd period - Shot by Torey Krug.
7:14 of 2nd period - Stopped by John Gibson without a rebound.
7:15 of 2nd period - Kyle Brodziak wins face-off versus Claude Giroux in RedWings zone.
7:52 of 2nd period - Shot by Claude Giroux.
7:52 of 2nd period - Shot Misses the Net.
8:44 of 2nd period - Shot by Tomas Hertl.
8:44 of 2nd period - Deflect By Nico Hischier.
8:44 of 2nd period - Stopped by John Gibson without a rebound.
8:45 of 2nd period - Claude Giroux wins face-off versus Frans Nielsen in RedWings zone.
8:48 of 2nd period - Shot by Artemi Panarin.
8:48 of 2nd period - Shot Misses the Net.
9:09 of 2nd period - Icing by Connor Murphy.
9:10 of 2nd period - Nico Hischier wins face-off versus David Pastrnak in RedWings zone.
9:29 of 2nd period - Shot by Brayden Schenn.
9:29 of 2nd period - Stopped by Semyon Varlamov without a rebound.
9:30 of 2nd period - Erik Haula wins face-off versus Claude Giroux in Golden Knights zone.
9:43 of 2nd period - Shot by Claude Giroux.
9:43 of 2nd period - Stopped by John Gibson with a rebound.
9:45 of 2nd period - Shot by Claude Giroux.
9:45 of 2nd period - Stopped by John Gibson without a rebound.
9:46 of 2nd period - Tomas Hertl wins face-off versus Frans Nielsen in RedWings zone.
10:43 of 2nd period - Shot by Jake Guentzel.
10:43 of 2nd period - Stopped by John Gibson with a rebound.
10:45 of 2nd period - Shot by Claude Giroux.
10:45 of 2nd period - Stopped by John Gibson with a rebound.
11:37 of 2nd period - Minor Penalty to Deryk Engelland for Hooking.
11:38 of 2nd period - Mark Scheifele wins face-off versus Marcus Foligno in Golden Knights zone.
11:45 of 2nd period - Shot by Brayden Schenn.
11:45 of 2nd period - Shot Blocked by Miro Heiskanen.
11:47 of 2nd period - Shot by Drew Doughty.
11:47 of 2nd period - Stopped by Semyon Varlamov without a rebound.
11:48 of 2nd period - Riley Sheahan wins face-off versus Mark Scheifele in Golden Knights zone.
12:05 of 2nd period - Shot by John Carlson.
12:05 of 2nd period - Stopped by Semyon Varlamov without a rebound.
12:06 of 2nd period - Erik Haula wins face-off versus Riley Sheahan in Golden Knights zone.
12:13 of 2nd period - Shot by Drew Doughty.
12:13 of 2nd period - Stopped by Semyon Varlamov without a rebound.
12:14 of 2nd period - Riley Sheahan wins face-off versus Mark Scheifele in Golden Knights zone.
12:27 of 2nd period - Shot by Mark Scheifele.
12:27 of 2nd period - Shot Blocked by Mathew Dumba.
12:29 of 2nd period - Shot by Brayden Schenn.
12:29 of 2nd period - Shot Misses the Net.
12:31 of 2nd period - Shot by Drew Doughty.
12:31 of 2nd period - Shot Hit the Post.
12:52 of 2nd period - Shot by Mark Scheifele.
12:52 of 2nd period - Stopped by Semyon Varlamov with a rebound.
13:24 of 2nd period - Shot by Patric Hornqvist.
13:24 of 2nd period - Shot Hit the Post.
14:09 of 2nd period - Shot by Andrew Cogliano.
14:09 of 2nd period - Stopped by Semyon Varlamov without a rebound.
14:10 of 2nd period - Tomas Hertl wins face-off versus Frans Nielsen in Golden Knights zone.
14:12 of 2nd period - Icing by Anthony Beauvillier.
14:13 of 2nd period - Tomas Hertl wins face-off versus David Perron in Golden Knights zone.
15:19 of 2nd period - Shot by Artemi Panarin.
15:19 of 2nd period - Stopped by John Gibson without a rebound.
15:20 of 2nd period - Kyle Brodziak wins face-off versus Nico Hischier in RedWings zone.
16:20 of 2nd period - Off-side.
16:21 of 2nd period - Tomas Hertl wins face-off versus Mark Scheifele in neutral zone.
16:21 of 2nd period - Mathew Dumba is hit by Brayden Schenn and loses puck.
17:15 of 2nd period - Mathew Dumba is hit by Connor Murphy and loses puck.
18:26 of 2nd period - Icing by Deryk Engelland.
18:27 of 2nd period - Kyle Brodziak wins face-off versus Tomas Hertl in Golden Knights zone.
19:00 of 2nd period - Shot by Jake Gardiner.
19:00 of 2nd period - Shot Misses the Net.
19:02 of 2nd period - Shot by Ryan Hartman.
19:02 of 2nd period - Stopped by Semyon Varlamov without a rebound.
19:03 of 2nd period - Frans Nielsen wins face-off versus Claude Giroux in Golden Knights zone.
19:23 of 2nd period - Shot by Brett Howden.
19:23 of 2nd period - Stopped by Semyon Varlamov without a rebound.
19:24 of 2nd period - Mark Scheifele wins face-off versus Viktor Arvidsson in Golden Knights zone.
19:27 of 2nd period - Shot by David Pastrnak.
19:27 of 2nd period - Stopped by Semyon Varlamov without a rebound.
19:28 of 2nd period - Mark Scheifele wins face-off versus Claude Giroux in Golden Knights zone.
19:31 of 2nd period - Shot by David Pastrnak.
19:31 of 2nd period - Stopped by Semyon Varlamov without a rebound.
19:32 of 2nd period - Mark Scheifele wins face-off versus Jake Guentzel in Golden Knights zone.
Goals for this period are 0 for Golden Knights vs 0 for RedWings.
Shots for this period are 10 for Golden Knights vs 14 for RedWings.

3rd period


0:01 of 3rd period - Mark Scheifele wins face-off versus Claude Giroux in neutral zone.
0:18 of 3rd period - Shot by Artemi Panarin.
0:18 of 3rd period - Stopped by John Gibson without a rebound.
0:19 of 3rd period - Tomas Hertl wins face-off versus Erik Haula in RedWings zone.
0:26 of 3rd period - Shot by Anthony Beauvillier.
0:26 of 3rd period - Goal by Anthony Beauvillier - Golden Knights : 1 - RedWings : 0.
0:27 of 3rd period - Mark Scheifele wins face-off versus Claude Giroux in neutral zone.
0:36 of 3rd period - Shot by Brayden Schenn.
0:36 of 3rd period - Goal by Brayden Schenn - Golden Knights : 1 - RedWings : 1.
0:37 of 3rd period - Tomas Hertl wins face-off versus Erik Haula in neutral zone.
0:41 of 3rd period - Anthony Beauvillier is hit by Drew Doughty and loses puck.
0:51 of 3rd period - Nick Suzuki is hit by Drew Doughty and loses puck.
1:07 of 3rd period - Off-side.
1:08 of 3rd period - Mark Scheifele wins face-off versus Claude Giroux in neutral zone.
1:08 of 3rd period - Jake Gardiner is hit by Claude Giroux and loses puck.
1:13 of 3rd period - Connor Murphy is hit by Jake Guentzel and loses puck.
1:27 of 3rd period - Minor Penalty to Claude Giroux for Slashing.
1:28 of 3rd period - Erik Haula wins face-off versus Riley Sheahan in Golden Knights zone.
2:27 of 3rd period - Shot by David Pastrnak.
2:27 of 3rd period - Shot Misses the Net.
2:34 of 3rd period - Shot by Erik Karlsson.
2:34 of 3rd period - Shot Blocked by Riley Sheahan.
2:38 of 3rd period - Shot by David Pastrnak.
2:38 of 3rd period - Shot Misses the Net.
2:40 of 3rd period - Shot by Erik Karlsson.
2:40 of 3rd period - Shot Misses the Net.
2:46 of 3rd period - Shot by David Pastrnak.
2:46 of 3rd period - Stopped by Semyon Varlamov without a rebound.
2:47 of 3rd period - Brayden Schenn wins face-off versus Alex Steen in Golden Knights zone.
3:17 of 3rd period - Icing by Drew Doughty.
3:18 of 3rd period - Mark Scheifele wins face-off versus Riley Sheahan in RedWings zone.
4:03 of 3rd period - Shot by Andrew Cogliano.
4:03 of 3rd period - Shot Misses the Net.
4:20 of 3rd period - Icing by Jake Gardiner.
4:21 of 3rd period - Tomas Hertl wins face-off versus Erik Haula in RedWings zone.
4:45 of 3rd period - Erik Haula is hit by Miro Heiskanen and loses puck.
4:53 of 3rd period - Icing by Miro Heiskanen.
4:54 of 3rd period - Mark Scheifele wins face-off versus Nick Suzuki in Golden Knights zone.
4:59 of 3rd period - Shot by David Pastrnak.
4:59 of 3rd period - Shot Misses the Net.
5:49 of 3rd period - Shot by Calle Jarnkrok.
5:49 of 3rd period - Stopped by John Gibson without a rebound.
5:50 of 3rd period - Claude Giroux wins face-off versus Erik Haula in RedWings zone.
5:59 of 3rd period - Shot by Zach Werenski.
5:59 of 3rd period - Stopped by John Gibson without a rebound.
6:00 of 3rd period - Riley Sheahan wins face-off versus Kyle Brodziak in RedWings zone.
6:18 of 3rd period - Icing by Jake Gardiner.
6:19 of 3rd period - Kyle Brodziak wins face-off versus Claude Giroux in RedWings zone.
6:21 of 3rd period - Icing by Erik Karlsson.
6:22 of 3rd period - Kyle Brodziak wins face-off versus Claude Giroux in RedWings zone.
6:29 of 3rd period - Shot by Jake Guentzel.
6:29 of 3rd period - Stopped by John Gibson without a rebound.
6:30 of 3rd period - Artemi Panarin wins face-off versus Mark Scheifele in RedWings zone.
6:39 of 3rd period - Shot by Artemi Panarin.
6:39 of 3rd period - Shot Blocked by John Carlson.
7:50 of 3rd period - Off-side.
7:51 of 3rd period - Nico Hischier wins face-off versus Kyle Brodziak in neutral zone.
8:00 of 3rd period - Shot by Andrew Cogliano.
8:00 of 3rd period - Shot Misses the Net.
8:02 of 3rd period - Shot by Kyle Brodziak.
8:02 of 3rd period - Shot Blocked by Mathew Dumba.
8:33 of 3rd period - Off-side.
8:34 of 3rd period - Erik Haula wins face-off versus Tomas Hertl in neutral zone.
8:47 of 3rd period - Shot by Erik Haula.
8:47 of 3rd period - Deflect By David Perron.
8:47 of 3rd period - Stopped by Semyon Varlamov without a rebound.
8:48 of 3rd period - Claude Giroux wins face-off versus Mark Scheifele in Golden Knights zone.
9:27 of 3rd period - Shot by Artemi Panarin.
9:27 of 3rd period - Stopped by John Gibson without a rebound.
9:28 of 3rd period - Tomas Hertl wins face-off versus Erik Haula in RedWings zone.
9:32 of 3rd period - Tomas Hertl is hit by Drew Doughty and loses puck.
9:49 of 3rd period - Shot by Patric Hornqvist.
9:49 of 3rd period - Stopped by Semyon Varlamov without a rebound.
9:50 of 3rd period - Nico Hischier wins face-off versus Kyle Brodziak in Golden Knights zone.
9:50 of 3rd period - Mathew Dumba is hit by Ryan Hartman and loses puck.
10:00 of 3rd period - Nico Hischier is hit by Connor Murphy and loses puck.
10:13 of 3rd period - Andrew Cogliano is hit by Nico Hischier and loses puck.
10:22 of 3rd period - Shot by Nico Hischier.
10:22 of 3rd period - Shot Misses the Net.
10:25 of 3rd period - Viktor Arvidsson is hit by Connor Murphy and loses puck.
10:40 of 3rd period - Shot by Jake Guentzel.
10:40 of 3rd period - Stopped by John Gibson without a rebound.
10:41 of 3rd period - Claude Giroux wins face-off versus Mark Scheifele in RedWings zone.
10:42 of 3rd period - Shot by Artemi Panarin.
10:42 of 3rd period - Shot Misses the Net.
10:54 of 3rd period - Icing by Claude Giroux.
10:55 of 3rd period - Claude Giroux wins face-off versus Erik Haula in Golden Knights zone.
11:08 of 3rd period - Shot by Patric Hornqvist.
11:08 of 3rd period - Stopped by Semyon Varlamov without a rebound.
11:09 of 3rd period - Mark Scheifele wins face-off versus Tomas Hertl in Golden Knights zone.
11:30 of 3rd period - Shot by Mark Scheifele.
11:30 of 3rd period - Shot Blocked by Tyson Barrie.
11:41 of 3rd period - Icing by Miro Heiskanen.
11:42 of 3rd period - Tomas Hertl wins face-off versus Erik Haula in Golden Knights zone.
12:03 of 3rd period - Shot by David Perron.
12:03 of 3rd period - Shot Blocked by Miro Heiskanen.
12:05 of 3rd period - Shot by Jake Gardiner.
12:05 of 3rd period - Shot Hit the Post.
12:07 of 3rd period - Shot by Erik Haula.
12:07 of 3rd period - Shot Misses the Net.
12:33 of 3rd period - Zach Werenski is hit by Erik Haula and loses puck.
12:43 of 3rd period - Icing by Claude Giroux.
12:44 of 3rd period - Mark Scheifele wins face-off versus Jake Guentzel in Golden Knights zone.
13:06 of 3rd period - Off-side.
13:07 of 3rd period - Frans Nielsen wins face-off versus Calle Jarnkrok in neutral zone.
13:17 of 3rd period - Shot by Brett Howden.
13:17 of 3rd period - Shot Blocked by Mathew Dumba.
13:31 of 3rd period - Shot by Jordan Szwarz.
13:31 of 3rd period - Stopped by Semyon Varlamov without a rebound.
13:32 of 3rd period - Mark Scheifele wins face-off versus Riley Sheahan in Golden Knights zone.
13:39 of 3rd period - John Carlson is hit by Marcus Foligno and loses puck.
13:44 of 3rd period - Shot by Riley Sheahan.
13:44 of 3rd period - Stopped by John Gibson without a rebound.
13:45 of 3rd period - Erik Haula wins face-off versus Claude Giroux in RedWings zone.
13:45 of 3rd period - Erik Haula is hit by Jake Guentzel.
13:50 of 3rd period - David Perron is hit by Jake Guentzel and loses puck.
13:54 of 3rd period - Erik Karlsson is hit by Tyson Barrie and loses puck.
14:09 of 3rd period - Shot by Patric Hornqvist.
14:09 of 3rd period - Shot Misses the Net.
14:11 of 3rd period - Shot by Erik Haula.
14:11 of 3rd period - Stopped by Semyon Varlamov with a rebound.
14:13 of 3rd period - Shot by Erik Haula.
14:13 of 3rd period - Deflect By David Perron.
14:13 of 3rd period - The goal is going for a video replay.
14:13 of 3rd period - The goal is good.
14:13 of 3rd period - Goal by David Perron - Golden Knights : 1 - RedWings : 2.
14:14 of 3rd period - Tomas Hertl wins face-off versus Mark Scheifele in neutral zone.
14:31 of 3rd period - Off-side.
14:32 of 3rd period - Nico Hischier wins face-off versus Kyle Brodziak in neutral zone.
15:49 of 3rd period - David Pastrnak is hit by Torey Krug and loses puck.
16:06 of 3rd period - Shot by David Pastrnak.
16:06 of 3rd period - Shot Misses the Net.
16:08 of 3rd period - Shot by Mark Scheifele.
16:08 of 3rd period - Shot Blocked by Zach Werenski.
16:08 of 3rd period - Zach Werenski from Golden Knights is injured at 16:08 of 3rd period (Bruised Left Leg).
16:09 of 3rd period - Tomas Hertl wins face-off versus Erik Haula in Golden Knights zone.
16:24 of 3rd period - Shot by Patric Hornqvist.
16:24 of 3rd period - Stopped by Semyon Varlamov without a rebound.
16:25 of 3rd period - Frans Nielsen wins face-off versus Riley Sheahan in Golden Knights zone.
16:46 of 3rd period - Alex Steen is hit by Erik Karlsson and loses puck.
17:48 of 3rd period - Shot by Patric Hornqvist.
17:48 of 3rd period - Stopped by Semyon Varlamov with a rebound.
17:59 of 3rd period - Tomas Hertl is hit by Brayden Schenn and loses puck.
18:19 of 3rd period - David Pastrnak is hit by Torey Krug and loses puck.
18:47 of 3rd period - Claude Giroux is hit by Nick Jensen.
18:49 of 3rd period - Shot by Artemi Panarin.
18:49 of 3rd period - Stopped by John Gibson with a rebound.
19:05 of 3rd period - Golden Knights, Semyon Varlamov is pulled from the net.
19:14 of 3rd period - Minor Penalty to Brayden Schenn for Tripping.
19:15 of 3rd period - Claude Giroux wins face-off versus Kyle Brodziak in RedWings zone.
19:33 of 3rd period - Icing by Alex Steen.
19:34 of 3rd period - Semyon Varlamov from Golden Knights was sent back in the game.
19:34 of 3rd period - Claude Giroux wins face-off versus Kyle Brodziak in Golden Knights zone.
Goals for this period are 1 for Golden Knights vs 2 for RedWings.
Shots for this period are 9 for Golden Knights vs 10 for RedWings.